 Dungeon Crawl Stone Soup version 0.28.0-49-g6dfe1f597d (webtiles) character file.

Game seed: 7927734333462847745

7673 101zpm the Thaumaturge (level 11, -7/68 HPs)
             Began as a Djinni Fire Elementalist on May 17, 2022.
             Mangled by an unseen horror (8 damage)
             ... on level 10 of the Dungeon.
             The game lasted 00:27:04 (15324 turns).

101zpm the Thaumaturge (Djinni Fire Elementalist)  Turns: 15324, Time: 00:27:04

Health: -7/68      AC:  2    Str: 10    XL:     11   Next: 41%
Gold:   457        EV: 13    Int: 21    God:
                   SH:  0    Dex: 14

rFire   + + .      SeeInvis .   g - +6 whip of the Yoke {holy, Str+3}
rCold   . . .      Faith    .   (no shield)
rNeg    . . .      Spirit   .   a - +0 robe
rPois   ∞          Reflect  .   (no helmet)
rElec   .          Harm     .   (no cloak)
rCorr   .          Rampage  .   (no gloves)
Will    +....                   (boots unavailable)
Stlth   +++.......              (no amulet)
HPRegen 0.21/turn               o - ring of protection from cold
MPRegen 0.00/turn               z - ring of wizardry

@: flying
A: sickness immunity, fire resistance 2, cold vulnerability 1, float, innate
caster, HP casting, extra vitality 1
a: no special abilities


You were on level 10 of the Dungeon.
You visited 2 branches of the dungeon, and saw 11 of its levels.
You also visited: Ossuary.

You collected 457 gold pieces.

Inventory:

Hand Weapons
 g - the +6 whip of the Yoke (weapon) {holy, Str+3}
   (You found it on level 3 of the Dungeon)

   It has been blessed by the Shining One to cause great damage to the undead
   and demons.
   Str:       It affects your strength (+3).
Armour
 a - a +0 robe (worn)
 B - a +2 chain mail of willpower
Jewellery
 o - a ring of protection from cold (left hand)
 z - a ring of wizardry (right hand)
 D - a +6 ring of dexterity
Wands
 j - a wand of flame (5)
 m - a wand of paralysis (17)
 v - a wand of acid (9)
 A - a wand of iceblast (14)
Scrolls
 b - 3 scrolls of blinking {unknown}
 c - 3 scrolls of amnesia {unknown}
 d - 7 scrolls of teleportation {unknown}
 e - 4 scrolls of enchant weapon {unknown}
 i - 10 scrolls of identify {unknown}
 q - a scroll of noise {unknown}
 r - 2 scrolls of fear {unknown}
 u - a scroll of vulnerability {unknown}
 w - 2 scrolls of torment {unknown}
 x - a scroll of enchant armour {unknown}
 y - a scroll of immolation {unknown}
 F - a scroll of silence {unknown}
 I - a scroll of summoning {unknown}
Potions
 f - 2 potions of magic {unknown}
 h - 3 potions of lignification {unknown}
 k - 3 potions of attraction {unknown}
 l - 2 potions of brilliance {unknown}
 n - 2 potions of ambrosia {unknown}
 p - 3 potions of curing
 s - 2 potions of mutation {unknown}
 t - a potion of invisibility {unknown}
 E - a potion of haste {unknown}
 G - a potion of berserk rage {unknown}
 H - a potion of flight {unknown}
Miscellaneous
 C - a lightning rod (4/4)


   Skills:
 + Level 2.0 Fighting
 + Level 1.2 Maces & Flails
 + Level 2.9 Dodging
 + Level 4.1 Stealth
 + Level 12.6 Spellcasting


You had 9 spell levels left.
You knew the following spells:

 Your Spells              Type           Power      Damage    Failure   Level
a - Foxfire               Conj/Fire      100%       2x1d9     1%          1
b - Scorch                Fire           100%       2d10      1%          2
c - Conjure Flame         Conj/Fire      60%        6-21      1%          3
d - Inner Flame           Hex/Fire       60%        N/A       1%          3
e - Flame Wave            Conj/Fire      60%        2d12      1%          4
f - Sting                 Tmut/Pois      100%       1d8       1%          1
g - Passwall              Tmut/Erth      50%        N/A       1%          2
h - Corpse Rot            Necr/Air       100%       N/A       1%          2
i - Ice Form              Ice/Tmut       60%        N/A       1%          4
j - Olgreb's Toxic Radia  Pois           60%        N/A       1%          4
Your spell library was empty.

Dungeon Overview and Level Annotations

Branches:
Dungeon (10/15)            Temple (1/1) D:5         Ossuary (visited)
   Lair: D:8-11         Orc: D:9-12

Altars:
Ashenzari
Cheibriados
Dithmenos
Elyvilon
Fedhas
Gozag
Hepliaklqana
Kikubaaqudgha
Makhleb
Nemelex Xobeh
Okawaru
Qazlal
Ru
Sif Muna
Trog
Uskayaw
Vehumet
Wu Jian
Xom
Zin
The Shining One

Annotations:
D:5 2 runed translucent doors


Innate Abilities, Weirdness & Mutations

You are immune to sickness and miasma.
You are immune to poison.
Your flesh is very heat resistant. (rF++)
You are vulnerable to cold. (rC-)
You float through the air rather than walking.
You learn spells naturally, not from books.
Your magical power is your life essence.
You have superior vitality. (+4 MHP)


Message History

Something hits you.
Deactivating autopickup; reactivate with Ctrl-A.
Something hits you but does no damage. Something hits you! Something hits you!
Casting: Foxfire (safe; 1% risk of failure)
Confirm with . or Enter, or press ? or * to list all spells.
Flames lash something.
Something hits you.
Casting: Scorch (safe; 1% risk of failure)
Confirm with . or Enter, or press ? or * to list all spells.
Flames lash something.
Something hits you.
You whack something! Something hits you.
You closely miss something. Something hits you!
* * * LOW HITPOINT WARNING * * *
Something hits you.
* * * LOW HITPOINT WARNING * * *
Something barely misses you.
You hit something but do no damage. Something hits you but does no damage.
Casting: Scorch (safe; 1% risk of failure)
Confirm with . or Enter, or press ? or * to list all spells.
Flames lash something.
* * * LOW HITPOINT WARNING * * *
You hear a shout! x2
Something hits you.
* * * LOW HITPOINT WARNING * * *
Casting: Scorch (safe; 1% risk of failure)
Confirm with . or Enter, or press ? or * to list all spells.
Flames lash something.
* * * LOW HITPOINT WARNING * * *
You hear a shout!
Casting: Scorch (safe; 1% risk of failure)
Confirm with . or Enter, or press ? or * to list all spells.
You don't know that spell.
Something hits you!
* * * LOW HITPOINT WARNING * * *
Unknown command.
Something hits you but does no damage.
There is a stone staircase leading up here.
Something hits you!
You die...

....# <....##
##.[....
##...>.##
##.......##
#.........#
#.........#..
#(@.<.......≈
#.........#
#.........#
#.........#
#..:......#
#.........#
#..$......#
#.|....?..#
##.......##


There were no monsters in sight!

Vanquished Creatures
  A boulder beetle (D:9)
  A two-headed ogre (D:8)
  Psyche (D:9)
  A troll (D:9)
  6 polar bears (D:8)
  Grinder (D:4)
  A shadow (D:9)
  A yak (D:5)
  An acid dragon (D:9)
  A water moccasin (D:7)
  5 orc warriors
  Duvessa (D:7)
  4 sky beasts
  2 black bears
  4 ice beasts
  A necrophage (D:6)
  3 ogres
  6 wolves
  A bullfrog (D:7)
  A wyvern zombie (D:7)
  2 scorpions
  A wyvern skeleton (D:6)
  A hornet simulacrum (D:8)
  Dowan (D:7)
  3 wights (D:9)
  2 electric eels (D:8)
  A bullfrog zombie (D:5)
  3 centaur zombies
  2 hounds
  3 bullfrog skeletons
  4 orc priests
  3 centaur skeletons
  2 iguanas (D:6)
  7 orc wizards
  A killer bee zombie (D:5)
  3 centaur simulacra (D:8)
  A hound skeleton (D:4)
  A mummy (Ossuary)
  2 killer bee simulacra (D:8)
  8 gnolls (D:5)
  5 adders
  A shadow imp (D:8)
  7 white imps
  3 adder skeletons
  A worm (D:3)
  A dart slug (D:1)
  29 orcs
  A spectral bat (Ossuary)
  5 endoplasms
  2 giant cockroaches (D:1)
  12 gnoll zombies (Ossuary)
  7 goblins
  10 hobgoblins
  7 kobolds
  3 quokkas
  6 ball pythons
  3 bats
  5 bat simulacra (Ossuary)
  3 frilled lizards
  A goblin simulacrum (Ossuary)
  2 goblin zombies (Ossuary)
  7 hobgoblin zombies (Ossuary)
  4 kobold simulacra (Ossuary)
  2 kobold zombies (Ossuary)
  7 orc zombies (Ossuary)
  6 rats
  3 rat simulacra (Ossuary)
  2 spectral goblins (Ossuary)
  5 spectral kobolds (Ossuary)
  3 spectral rats (Ossuary)
247 creatures vanquished.

Vanquished Creatures (collateral kills)
  2 foxfires (D:1)
2 creatures vanquished.

Vanquished Creatures (others)
  881 foxfires
  10 plants (D:1)
891 creatures vanquished.

Grand Total: 1140 creatures vanquished

Notes
Turn   | Place    | Note
-------+----------+-------------------------------------------
     0 | D:1      | 101zpm the Djinni Fire Elementalist began the quest for the
                  | Orb.
     0 | D:1      | Reached XP level 1. HP: 15/15 MP: 0/0
  1075 | D:2      | Reached XP level 2. HP: 15/21 MP: 0/0
  1325 | D:2      | Reached skill level 3 in Spellcasting
  1792 | D:3      | Reached XP level 3. HP: 21/25 MP: 0/0
  1792 | D:3      | Learned a level 1 spell: Sting
  2641 | D:3      | Identified the +6 whip of the Yoke {holy, Str+3}
  2683 | D:3      | Reached XP level 4. HP: 27/31 MP: 0/0
  3415 | D:3      | Reached skill level 4 in Spellcasting
  3415 | D:3      | Reached XP level 5. HP: 10/35 MP: 0/0
  3415 | D:3      | Learned a level 2 spell: Passwall
  3800 | D:4      | Noticed Grinder
  3808 | D:4      | Killed Grinder
  3809 | D:4      | Reached skill level 5 in Spellcasting
  3809 | D:4      | Reached XP level 6. HP: 27/40 MP: 0/0
  4187 | D:4      | Reached XP level 7. HP: 35/45 MP: 0/0
  4187 | D:4      | Learned a level 2 spell: Corpse Rot
  4296 | D:4      | Found a shadowy altar of Dithmenos.
  4349 | D:4      | Reached skill level 6 in Spellcasting
  4856 | D:5      | Entered Level 5 of the Dungeon
  5009 | D:5      | Found a staircase to the Ecumenical Temple.
  5023 | D:5      | Reached XP level 8. HP: 47/50 MP: 0/0
  5063 | Temple   | Entered the Ecumenical Temple
  6757 | D:5      | Found a large runed translucent door.
  6757 | D:5      | Found a large runed translucent door.
  6762 | D:5      | Noticed a yak
  6821 | D:5      | Found a large runed translucent door.
  6821 | D:5      | Found a large runed translucent door.
  6844 | D:5      | Reached skill level 7 in Spellcasting
  7738 | D:5      | Found a hazy altar of Hepliaklqana.
  7738 | D:5      | Found a broken altar of Ashenzari.
  7739 | D:5      | Found a burning altar of Makhleb.
  7854 | D:6      | Reached skill level 8 in Spellcasting
  7854 | D:6      | Reached XP level 9. HP: 48/55 MP: 0/0
  7854 | D:6      | Learned a level 4 spell: Ice Form
  7956 | D:6      | Found a large runed translucent door.
  7956 | D:6      | Found a large runed translucent door.
  8438 | D:6      | Found a sand-covered staircase.
  8449 | Ossuary  | Entered an ossuary
 10191 | D:6      | Found a sacrificial altar of Ru.
 10197 | D:6      | Found a shimmering altar of Xom.
 10260 | D:5      | Reached skill level 1 in Fighting
 10260 | D:5      | Reached skill level 9 in Spellcasting
 10935 | D:7      | Reached skill level 1 in Maces & Flails
 11280 | D:7      | Found a white marble altar of Elyvilon.
 11280 | D:7      | Found a glowing silver altar of Zin.
 11280 | D:7      | Found a glowing golden altar of the Shining One.
 11660 | D:7      | Noticed Duvessa
 11668 | D:7      | Killed Duvessa
 11677 | D:7      | Noticed Dowan
 11689 | D:7      | Killed Dowan
 11993 | D:8      | Noticed a polar bear
 11994 | D:8      | Noticed a polar bear
 12270 | D:8      | Found a sparkling altar of Nemelex Xobeh.
 12270 | D:8      | Found an ornate altar of the Wu Jian Council.
 12282 | D:8      | Reached XP level 10. HP: 61/63 MP: 0/0
 12305 | D:8      | Reached skill level 10 in Spellcasting
 13091 | D:8      | Found a blossoming altar of Fedhas.
 13132 | D:8      | Reached skill level 11 in Spellcasting
 13593 | D:8      | Noticed a two-headed ogre
 13599 | D:8      | Killed a two-headed ogre
 13696 | D:8      | Reached XP level 11. HP: 7/68 MP: 0/0
 13696 | D:8      | Learned a level 4 spell: Olgreb's Toxic Radiance
 14649 | D:9      | Noticed Psyche
 14653 | D:9      | Killed Psyche
 14740 | D:9      | Reached skill level 12 in Spellcasting
 14944 | D:9      | Noticed a boulder beetle
 14957 | D:9      | Killed a boulder beetle
 15289 | D:10     | Entered Level 10 of the Dungeon
 15322 | D:10     | HP: 1/68 [something (10)]
 15324 | D:10     | Mangled by an unseen horror

Illustrated notes

Levels and vault maps discovered:
D:1:      lightli_arrival_flooded_house, layout_loops_ring, chequers_big_river
D:2:      layout_basic, chequers_jeans, minmay_misc_feat_diagonals,
          kennysheep_flooded_box, minmay_fountain_box,
          chequers_serial_rivers_small_a, palyth_stone_intersect,
          ebering_dispersal_statue_hall
D:3:      layout_basic
D:4:      layout_cave_pools, lemuel_round_altar, uniq_grinder
D:5:      layout_rooms, gammafunk_temple_overflow_claw,
          minmay_temple_entry_sparse_star, minmay_hollow_rounded_squares
D:6:      layout_loops_ring, jmf_multi_god_temple2, nicolae_ossuary_entry_ruins
D:7:      layout_basic, good_gods_mini_temple, uniq_duvessa
D:8:      nicolae_cairo_tiling_very_big, layout_cave_pods,
          grunt_temple_overflow_open, serial_ice, serial_ice_n, serial_ice_h,
          serial_ice_i, serial_ice_f, serial_ice_e, serial_ice_d, serial_ice_b,
          serial_ice_g
D:9:      gammafunk_indiana_jones, layout_cave_pools,
          lemuel_mausoleum_altar_yredelemnul, serial_bayou_pond_a,
          grunt_potential, uniq_psyche
D:10:     layout_rooms, enter_bailey_5, st_stairs_10, kennysheep_just_a_vault
Temple:   kb_temple_of_zot

Skill      XL: |  1  2  3  4  5  6  7  8  9 10 11 |
---------------+----------------------------------+-----
Spellcasting   | 3 4 5 6 8 9 11 12 | 12.6
Stealth        | 2 3 4 |  4.1
Fighting       | 1 2 |  2.0
Maces & Flails | 1 |  1.2
Dodging        | |  2.9

Action                   |  1- 3 |  4- 6 |  7- 9 | 10-12 || total
-------------------------+-------+-------+-------+-------++-------
Melee: Whip              |       |     3 |     5 |     3 ||    11
 Cast: Foxfire           |    98 |    66 |   278 |   121 ||   563
       Scorch            |     6 |    10 |    91 |    33 ||   140
       Inner Flame       |       |    10 |    52 |    50 ||   112
       Passwall          |       |     1 |       |     1 ||     2
       Ice Form          |       |       |     1 |       ||     1
       Olgreb's Toxic Ra |       |       |       |     1 ||     1
       Corpse Rot        |       |       |       |     1 ||     1
Armor: Robe              |       |     4 |     2 |     4 ||    10
       Skin              |       |       |       |     2 ||     2
Dodge: Dodged            |     1 |     1 |    13 |     8 ||    23
